 Dungeon Crawl Stone Soup version 0.28.0-45-g0d030f2227 (webtiles) character file.

Game seed: 458324156804038364

5737 Malificent the Covert (level 10, 0/44 HPs)
             Began as a Spriggan Earth Elementalist on Apr 6, 2022.
             Was a Follower of Sif Muna.
             Killed from afar by an electric eel (15 damage)
             ... with a bolt of electricity
             ... on level 10 of the Dungeon.
             The game lasted 00:52:00 (10810 turns).

Malificent the Covert (SpEE)                       Turns: 10810, Time: 00:52:00

Health: 0/44       AC:  7    Str:  2    XL:     10   Next: 49%
Magic:  19/19      EV: 22    Int: 21    God:    Sif Muna [*.....]
Gold:   636        SH:  9    Dex: 16    Spells: 14/20 levels left

rFire   . . .      SeeInvis +   u - +4 dagger (venom)
rCold   . . .      Faith    .   (no shield)
rNeg    . . .      Spirit   .   b - +1 robe
rPois   .          Reflect  +   (helmet restricted)
rElec   .          Harm     .   (no cloak)
rCorr   .          Rampage  .   (gloves unavailable)
Will    +....                   (boots unavailable)
Stlth   ++++......              l - amulet of reflection
HPRegen 0.14/turn               m - +4 ring of protection
MPRegen 0.16/turn               (no ring)

@: brilliant, very quick
A: very small, no large weapons, unfitting armour, see invisible, speed 3, large
bone plates 1, weak 1
a: Renounce Religion, Channel Magic


You were on level 10 of the Dungeon.
You worshipped Sif Muna.
Sif Muna was aware of your devotion.
You visited 2 branches of the dungeon, and saw 11 of its levels.
You also visited: Sewer.

You collected 636 gold pieces.

Inventory:

Hand Weapons
 u - a +4 dagger of venom (weapon)
Missiles
 q - 163 stones
 r - an atropa-tipped dart (quivered)
 s - 12 poisoned darts
 x - a curare-tipped dart
Armour
 b - a +1 robe (worn)
Magical Staves
 d - a staff of fire
 f - a staff of cold
Jewellery
 l - an amulet of reflection (around neck)
 m - a +4 ring of protection (left hand)
Wands
 a - a wand of flame (7)
Scrolls
 e - 2 scrolls of fog
 h - a scroll of immolation
 n - 3 scrolls of teleportation
 p - a scroll of fear
 t - a scroll of magic mapping
Potions
 c - 2 potions of brilliance
 g - a potion of attraction {unknown}
 i - a potion of heal wounds
 j - a potion of curing
 k - 3 potions of lignification
 v - 2 potions of flight
 w - a potion of invisibility {unknown}
 z - a potion of degeneration {unknown}
Miscellaneous
 o - a box of beasts


   Skills:
 - Level 0.5 Fighting
 + Level 5.4 Short Blades
 - Level 0.3 Axes
 + Level 8.5 Dodging
 + Level 9.1 Stealth
 + Level 2.9 Shields
 - Level 5.8 Spellcasting
 * Level 4.4 Conjurations
 + Level 3.7 Transmutations
 * Level 8.3 Earth Magic
 + Level 0.4 Evocations


You had 14 spell levels left.
You knew the following spells:

 Your Spells              Type           Power      Damage    Failure   Level
a - Sandblast             Erth           100%       2d20      1%          1
b - Passwall              Tmut/Erth      39%        N/A       1%          2
c - Stone Arrow           Conj/Erth      98%        3d13      2%          3

Your spell library contained the following spells:

 Spells                   Type           Power      Damage    Failure   Level
 Magic Dart               Conj           100%       1d8       1%          1
 Petrify                  Tmut/Erth      47%        N/A       9%          4
 Call Imp                 Summ           9%         N/A       16%         2
 Mephitic Cloud           Conj/Pois/Air  18%        N/A       16%         3


Dungeon Overview and Level Annotations

Branches:
Dungeon (10/15)            Temple (1/1) D:6           Sewer (visited)
   Lair: D:8-11         Orc: D:9-12

Altars:
Ashenzari
Cheibriados
Dithmenos
Elyvilon
Fedhas
Gozag
Hepliaklqana
Kikubaaqudgha
Makhleb
Nemelex Xobeh
Okawaru
Qazlal
Ru
Sif Muna
Trog
Uskayaw
Vehumet
Wu Jian
Xom
Yredelemnul
Zin
The Shining One

Shops:
D:1 (


Innate Abilities, Weirdness & Mutations

You are very small and have problems with some larger weapons.
You are too small for most types of armour.
You have supernaturally acute eyesight. (SInv)
You cover ground extremely quickly. (Speed+++)
You are partially covered in large bone plates. (SH +4)
You are weak. (Str -2)


Message History

You throw an atropa-tipped dart.
The atropa-tipped dart completely misses the cyclops.
The cyclops shouts!
There is an open door here.
You hit the cyclops but do no damage.
The cyclops is poisoned.
Throw: 4 darts (atropa)
Press: ? - help, Q - select action, (/) - cycle Shift-Dir - straight line, f/p - cyclops
Aim: a cyclops, quivering large rocks (lightly wounded, very poisoned, 86% to hit, chance to blind on hit: 32%)
You throw an atropa-tipped dart.
The atropa-tipped dart hits the cyclops.
The cyclops resists.
The cyclops is lightly wounded.
The cyclops completely misses you.
Throw: 3 darts (atropa)
Press: ? - help, Q - select action, (/) - cycle Shift-Dir - straight line, f/p - cyclops
Aim: a cyclops, quivering large rocks (lightly wounded, very poisoned, 86% to hit, chance to blind on hit: 32%)
You throw an atropa-tipped dart.
The atropa-tipped dart hits the cyclops.
The cyclops resists.
The cyclops is lightly wounded.
You block the cyclops's attack.
Throw: 2 darts (atropa)
Press: ? - help, Q - select action, (/) - cycle Shift-Dir - straight line, f/p - cyclops
Aim: a cyclops, quivering large rocks (lightly wounded, very poisoned, 86% to hit, chance to blind on hit: 32%)
You throw an atropa-tipped dart.
The atropa-tipped dart barely misses the cyclops.
You hit the cyclops.
The cyclops looks as sick as possible!
The cyclops is lightly wounded.
The cyclops hits you!!
Ouch! That really hurt!
You hit the cyclops.
The cyclops looks as sick as possible!
The cyclops is lightly wounded.
Unknown command.
The cyclops throws a large rock.
You reflect the large rock off an invisible shield around you!
The large rock hits the cyclops!!
An electric eel comes into view.
The electric eel shoots out a bolt of lightning at you!
The bolt of electricity hits you! x2
You die...

##### #.(.# #...# #.C.#
.. ##'## ...≈##≈.≈##≈#
...≈S≈≈.≈≈≈≈# #########
+######@##### #........
#.# #........ #.#
#........
.######.#######........
<............<..#######
.......#...#....#
..#....#...#....#
#....#...#....#
#....#...#....#


You could see a cyclops (extremely poisoned) and an electric eel.

Vanquished Creatures
  A two-headed ogre (D:6)
  Pikel (D:5)
  Joseph (D:8)
  Maggie (D:8)
  A troll (D:9)
  Prince Ribbit (D:6)
  Grinder (D:6)
  Sigmund (D:3)
  A shadow (D:9)
  A wyvern (D:8)
  A wraith (D:9)
  2 steam dragons (D:8)
  3 water moccasins
  A hornet zombie (D:9)
  An orc warrior (D:8)
  An ice beast (D:6)
  A necrophage (D:6)
  4 ogres
  A sky beast (D:5)
  A lemure (D:5)
  2 bullfrogs (D:9)
  2 kobold brigands (Sewer)
  A scorpion (D:7)
  3 wights (D:9)
  A bullfrog zombie (D:5)
  2 centaur zombies
  3 jellies
  3 orc priests
  5 hounds
  A gnoll shaman (D:8)
  A bullfrog skeleton (D:6)
  An iguana (D:6)
  Ijyb (D:4)
  8 orc wizards
  A killer bee zombie (D:6)
  3 gnolls (D:8)
  A howler monkey skeleton (D:5)
  10 adders
  4 river rats (Sewer)
  2 ufetubi (D:5)
  2 worms
  2 dart slugs (D:2)
  24 orcs
  9 ball pythons
  5 endoplasms
  5 giant cockroaches
  11 goblins
  9 hobgoblins
  3 jackals (Sewer)
  9 kobolds
  3 quokkas
  3 bats
  6 frilled lizards
  5 rats
177 creatures vanquished.

Vanquished Creatures (others)
  A killer bee zombie (D:8)
  An orc (D:8)
  5 plants (Sewer)
7 creatures vanquished.

Grand Total: 184 creatures vanquished

Notes
Turn   | Place    | Note
-------+----------+-------------------------------------------
     0 | D:1      | Malificent the Spriggan Earth Elementalist began the quest
                  | for the Orb.
     0 | D:1      | Reached XP level 1. HP: 9/9 MP: 5/5
    80 | D:1      | Found Guuxka's Weapon Shop.
   226 | D:1      | Gained mutation: You are weak. (Str -2) [potion of
                  | mutation]
   226 | D:1      | Gained mutation: You are partially covered in large bone
                  | plates. (SH +4) [potion of mutation]
   247 | D:1      | Reached XP level 2. HP: 12/13 MP: 1/7
   312 | D:1      | Learned a level 2 spell: Passwall
   914 | D:2      | Reached XP level 3. HP: 13/16 MP: 6/8
  1014 | D:2      | Learned a level 3 spell: Stone Arrow
  1027 | D:2      | Noticed an ogre
  1049 | D:2      | Killed an ogre
  1050 | D:2      | Reached XP level 4. HP: 18/21 MP: 3/11
  1266 | D:2      | Reached skill level 4 in Stealth
  1390 | D:2      | Reached XP level 5. HP: 15/24 MP: 8/12
  1755 | D:2      | You fall into a shaft and drop 1 floor!
  1789 | D:3      | Found a glowing golden altar of the Shining One.
  1793 | D:3      | Found an iron altar of Okawaru.
  2036 | D:3      | Noticed Sigmund
  2064 | D:3      | Killed Sigmund
  2065 | D:3      | Reached skill level 5 in Spellcasting
  2065 | D:3      | Reached XP level 6. HP: 5/29 MP: 5/14
  2138 | D:3      | Found a glowing silver altar of Zin.
  2554 | D:3      | Found a glowing drain.
  2561 | Sewer    | Entered a sewer
  3150 | Sewer    | Reached XP level 7. HP: 19/32 MP: 13/16
  4462 | D:4      | Reached skill level 5 in Dodging
  4535 | D:4      | Noticed Ijyb
  4549 | D:4      | Killed Ijyb
  4835 | D:5      | Entered Level 5 of the Dungeon
  5160 | D:5      | Found a basalt altar of Yredelemnul.
  5228 | D:5      | Noticed Pikel
  5260 | D:5      | Found an opulent altar of Gozag.
  5269 | D:5      | Killed Pikel
  5270 | D:5      | Reached skill level 1 in Short Blades
  5270 | D:5      | Reached skill level 5 in Stealth
  5270 | D:5      | Reached skill level 1 in Shields
  5270 | D:5      | Reached skill level 1 in Conjurations
  5270 | D:5      | Reached skill level 5 in Earth Magic
  5270 | D:5      | Reached XP level 8. HP: 26/37 MP: 14/17
  5752 | D:5      | Found a shimmering altar of Xom.
  6702 | D:6      | Found an ornate altar of the Wu Jian Council.
  6744 | D:6      | Noticed Grinder
  6749 | D:6      | Killed Grinder
  6903 | D:6      | Noticed Prince Ribbit
  6921 | D:6      | Killed Prince Ribbit
  6940 | D:6      | Reached skill level 6 in Stealth
  7041 | D:6      | Reached XP level 9. HP: 40/40 MP: 18/18
  7358 | D:6      | Found a sparkling altar of Nemelex Xobeh.
  7450 | D:6      | Noticed a two-headed ogre
  7457 | D:6      | Killed a two-headed ogre
  7498 | D:6      | Reached skill level 7 in Stealth
  7498 | D:6      | Found a hide-covered altar of Uskayaw.
  7616 | D:6      | Found a staircase to the Ecumenical Temple.
  7650 | Temple   | Entered the Ecumenical Temple
  7845 | Temple   | Became a worshipper of Sif Muna the Loreminder
  8877 | D:8      | Noticed Maggie
  8889 | D:8      | Killed Maggie
  8979 | D:8      | Reached skill level 8 in Stealth
  9070 | D:8      | Reached XP level 10. HP: 17/44 MP: 12/19
  9107 | D:8      | Noticed Joseph
  9132 | D:8      | Killed Joseph
  9133 | D:8      | Reached skill level 5 in Short Blades
  9888 | D:9      | Found a stormy altar of Qazlal.
 10042 | D:9      | Reached * piety under Sif Muna
 10224 | D:9      | Found a sacrificial altar of Ru.
 10353 | D:9      | Reached skill level 9 in Stealth
 10781 | D:10     | Entered Level 10 of the Dungeon
 10799 | D:10     | Noticed a cyclops
 10810 | D:10     | Killed from afar by an electric eel

Illustrated notes

Levels and vault maps discovered:
D:1:      dpeg_arrival_tiny_a, layout_basic, serial_shops, shop_fountains
D:2:      layout_rooms, shapermc_ecumenical_altar_pompeii,
          chequers_serial_rivers_room_a
D:3:      layout_rooms, mainiacjoe_overflow_divided_tiny, zin_academy,
          portal_sewer_entry_b, uniq_sigmund
D:4:      layout_rooms, uniq_ijyb
D:5:      layout_layer_cave, nicolae_gozag_seed_capital,
          mainiacjoe_overflow_catch_the_wave, uniq_pikel
D:6:      layout_basic, pdpol_wu_jian_five_deadly_venoms,
          mainiacjoe_overflow_concentric_impassable, amcnicky_altar_gilded,
          temple_doors_e, minmay_starry_boxes, uniq_grinder, uniq_prince_ribbit1
D:7:      layout_gridville, minmay_misc_feat_x
D:8:      layout_basic, uniq_joseph, uniq_maggie
D:9:      layout_small_grid, nicolae_ru_great_annihilating_truth,
          nicolae_qazlal_style_of_elements
D:10:     layout_gridville, biasface_ghost_orc_armoury, enter_bailey_2,
          lightli_minifort
Temple:   minmay_temple_curvy_loop

Skill      XL: |  1  2  3  4  5  6  7  8  9 10 |
---------------+-------------------------------+-----
Spellcasting   | 3 4 5 |  5.8
Earth Magic    | 3 4 5 6 7 8 |  8.3
Dodging        | 3 4 6 7 8 |  8.5
Transmutations | 2 3 |  3.7
Stealth        | 4 5 6 8 9 |  9.1
Short Blades   | 1 2 4 5 |  5.4
Shields        | 1 2 |  2.9
Conjurations   | 1 2 3 4 |  4.4
Fighting       | |  0.5
Axes           | |  0.3
Evocations     | |  0.4

Action                   |  1- 3 |  4- 6 |  7- 9 | 10-12 || total
-------------------------+-------+-------+-------+-------++-------
Melee: Hand axe          |    42 |   100 |    94 |       ||   236
       Unarmed           |     3 |       |       |       ||     3
       Punch             |     2 |     1 |     2 |     1 ||     6
       Dagger            |       |       |   165 |   116 ||   281
Throw: Dart              |     2 |     2 |    23 |    11 ||    38
       Stone             |       |       |     3 |     2 ||     5
 Cast: Sandblast         |    17 |    48 |    26 |    10 ||   101
       Passwall          |       |     3 |     2 |       ||     5
       Stone Arrow       |       |       |    21 |    25 ||    46
Evoke: Wand              |       |       |       |     4 ||     4
  Use: Potion            |     1 |       |       |     3 ||     4
       Scroll            |     1 |     2 |    12 |     1 ||    16
 Stab: Sleeping          |     4 |     2 |    14 |     4 ||    24
       Invisible         |       |       |       |     1 ||     1
Armor: Robe              |     5 |    13 |    36 |     8 ||    62
Dodge: Dodged            |    55 |   128 |   212 |    61 ||   456
Block: Other             |     2 |    16 |    56 |    63 ||   137
       Reflection        |       |       |       |     6 ||     6
